Unix NetHack Version 3.7.0-95 Work-in-progress - last build Jan 1 2024 20:51:50 (6a0ccc5fa2390e420dd2d488a2f9488d2ae3a63b,branch:master). Game began 2024-01-07 13:24:12, ended 2024-01-10 09:43:36. elenmirie, lawful female human Knight ..^. i t . . & %|--- L Y U D@.>. .|--- H q Elenmirie the Knight St:18/34 Dx:16 Co:18 In:9 Wi:17 Ch:18 Lawful Dlvl:36 $:226 HP:0(157) Pw:121(121) AC:-16 Xp:16/365912 T:39247 Blind Latest messages: You hit the green dragon! The green dragon bites! The green dragon hits! The green dragon misses! You hit the green dragon! You hit the green dragon! You are enveloped in a cloud of noxious gas! The blast of poison gas whizzes by you! The blast of poison gas hits the green dragon. The blast of poison gas hits the umber hulk! The iron golem hits! Your eyes sting. You cough! You hit the green dragon. You hit the green dragon. It hits! The green dragon bites! The green dragon hits! The green dragon hits again! You hear a chugging sound. You can see again. Your eyes sting. You cough! Wait! There's something there you can't see! It hits! The green dragon bites! The green dragon hits! The green dragon hits again! You can see again. Your eyes sting. You cough! What do you want to put on? [x or ?*] x You are now wearing a towel around your head. It hits! The green dragon misses! The green dragon hits! The green dragon knocks you back with a forceful strike! You bump into someone. The green dragon hits again! Your eyes momentarily itch. You cough! You hit it. You hit it. It hits! You die... Do you want your possessions identified? [ynq] (y) y Do you want to see your attributes? [ynq] (y) y Do you want an account of creatures vanquished? [ynaq] (y) y Do you want to see your conduct and achievements? [ynq] (y) y Do you want to see the dungeon overview? [ynq] (y) y Inventory: Coins $ - 226 gold pieces Amulets M - an uncursed amulet of reflection (being worn) Weapons a - the blessed rustproof +6 Excalibur (wielded in right hand) p - a blessed +7 silver saber (wielded in left hand) Armor m - a blessed +4 elven leather helm (being worn) f - a blessed +2 pair of leather gloves (being worn) J - a cursed +0 pair of levitation boots R - a blessed thoroughly burnt +2 pair of speed boots g - a cursed -1 pair of water walking boots E - an uncursed very burnt rotted +0 oilskin cloak (being worn) D - a blessed +4 Hawaiian shirt with a flamingo motif (being worn) Q - a blessed +1 gray dragon scale mail (being worn) Comestibles H - an uncursed lembas wafer L - an uncursed lizard corpse Rings T - an uncursed +3 ring of increase accuracy (on right hand) Wands I - an uncursed wand of digging (0:7) X - an uncursed wand of digging (0:5) v - an uncursed wand of striking (0:5) C - an uncursed wand of teleportation (0:6) Tools w - a blessed greased bag of holding containing 92 items Y - an empty uncursed sack n - a cursed frost horn (0:0) W - the cursed Bell of Opening (0:3) l - an uncursed brass lantern s - the uncursed Candelabrum of Invocation (0 of 7 candles attached) V - the blessed Magic Mirror of Merlin e - a cursed skeleton key P - an uncursed stethoscope t - an uncursed tinning kit (0:77) x - an uncursed towel (being worn) u - an uncursed +0 unicorn horn Gems/Stones G - an uncursed luckstone Contents of the bag of holding: 5178 gold pieces an uncursed amulet of life saving an uncursed amulet of magical breathing an uncursed +0 pair of speed boots an uncursed +0 cloak of invisibility an uncursed +0 mummy wrapping an uncursed apple 5 uncursed carrots an uncursed eucalyptus leaf 4 uncursed food rations an uncursed fortune cookie 6 uncursed K-rations an uncursed sprig of wolfsbane a blessed scroll of amnesia an uncursed scroll of amnesia a blessed scroll of blank paper a blessed scroll of charging 5 uncursed scrolls of confuse monster a blessed scroll of create monster 6 uncursed scrolls of create monster an uncursed scroll of destroy armor an uncursed scroll of earth a cursed scroll of enchant armor a blessed scroll of enchant weapon 3 uncursed scrolls of fire a cursed scroll of fire a blessed scroll of food detection an uncursed scroll of food detection an uncursed scroll of gold detection a blessed scroll of light 6 uncursed scrolls of light 7 uncursed scrolls of magic mapping 3 uncursed scrolls of remove curse an uncursed scroll of stinking cloud an uncursed scroll of taming a cursed scroll of taming an uncursed scroll of teleportation 9 cursed scrolls of teleportation an uncursed potion of acid an uncursed potion of blindness an uncursed potion of confusion 2 blessed potions of enlightenment 2 blessed diluted potions of full healing 2 blessed potions of gain energy 3 uncursed potions of gain energy 4 uncursed potions of levitation a blessed potion of monster detection 2 uncursed potions of object detection an uncursed potion of oil an uncursed potion of paralysis a cursed potion of polymorph 2 uncursed potions of restore ability an uncursed diluted potion of speed 25 potions of holy water 2 potions of unholy water an uncursed ring of levitation an uncursed ring of poison resistance a cursed ring of polymorph an uncursed ring of protection from shape changers an uncursed ring of protection from shape changers a cursed ring of regeneration a cursed ring of searching an uncursed ring of see invisible an uncursed ring of shock resistance an uncursed ring of stealth a blessed ring of teleport control an uncursed ring of teleportation an uncursed wand of create monster (0:12) an uncursed wand of digging (0:8) an uncursed wand of digging (0:6) an uncursed wand of digging (0:5) an uncursed wand of digging (0:4) an uncursed wand of digging (0:4) an uncursed wand of lightning (0:3) an uncursed wand of magic missile (0:6) an uncursed wand of magic missile (0:6) an uncursed wand of magic missile (0:5) an uncursed wand of sleep (0:4) an uncursed wand of sleep (0:4) an uncursed wand of slow monster (0:8) an uncursed wand of slow monster (0:0) an uncursed wand of striking (0:4) an uncursed wand of striking (0:3) an uncursed wand of teleportation (0:3) an uncursed wand of teleportation (0:1) an uncursed wand of wishing (1:2) an uncursed horn of plenty (0:3) an uncursed can of grease (0:4) an uncursed magic marker (0:44) a blessed oil lamp 5 uncursed tallow candles 4 uncursed wax candles Elenmirie the Knight's attributes: Background: You were a Knight, level 16 female human. You were lawful, on a mission for Lugh who was opposed by Brigit (neutral) and Manannan Mac Lir (chaotic). You were right-handed. You were in Gehennom, on level 36. You entered the dungeon 39247 turns ago. There was a new moon in effect when your adventure ended. You had 365912 experience points, 274088 more were needed to attain level 17. Basics: You had 0 out of 157 hit points. You had all 121 energy points (spell power). Your armor class was -16. Your wallet contained 226 zorkmids, and you had 5178 more stashed away in your pack. Autopickup was on for '$' plus thrown. Final Characteristics: Your strength was 18/34 (limit:18/100). Your dexterity was 16 (limit:18). Your constitution was 18 (limit:18). Your intelligence was 9 (limit:18). Your wisdom was 17 (limit:18). Your charisma was 18 (limit:18). Final Status: You were deliberately blind. You weren't hungry. You were unencumbered. You were wielding two weapons at once. Your skill in long sword was limited by being skilled with two weapons. Your two weapon skill was limited by being unskilled with saber. Final Attributes: You were piously aligned. You were magic-protected. You were fire resistant. You were cold resistant. You were sleep resistant. You were disintegration resistant. You were shock resistant. You were poison resistant. You were level-drain resistant. You were telepathic. You had automatic searching. You could jump. You could teleport. You had teleport control. You had a small bonus to hit (+3). You had a small defense bonus (+4). You were guarded. You had reflection. You were lucky. You had extra luck. Bad luck did not time out for you. Good luck did not time out for you. You are dead. Miscellaneous: You encountered 1 bones level. Total elapsed playing time was 16 hours, 27 minutes and 34 seconds. Major events: Turn 1: elenmirie the lawful female human Knight entered the dungeon 606: attained the rank of Esquire (level 3) 1045: entered the Gnomish Mines 3253: made her first wish - "blessed fixed +3 grey dragon scale mail", got "a gray dragon scale mail" 4381: endured an absurd aquatic ceremony, and now wields Excalibur 4428: attained the rank of Bachelor (level 6) 4823: reached Mine Town 7919: destroyed ratinthecat's ghost, the former Sightseer 12187: entered Sokoban 12857: completed 1st Sokoban level 13473: completed 2nd Sokoban level 13874: completed 3rd Sokoban level 14909: completed 4th Sokoban level 15516: attained the rank of Sergeant (level 10) 15602: acquired the Sokoban amulet of reflection 19091: acquired the Mines' End luckstone 25495: killed Medusa 27578: attained the rank of Knight (level 14) 29609: wished for "blessed fixed greased bag of holding", got "a greased bag" 30565: killed Ixoth 30565: found the Magic Mirror of Merlin carried by a monster 30566: acquired the Bell of Opening 33426: wished for "blessed fixed ring of teleport control", got "a sapphire ring" 34134: entered Gehennom 35491: wished for "blessed fixed +3 silver saber", got "a silver saber" 38324: destroyed Vlad the Impaler 38325: acquired the Candelabrum of Invocation 39203: killed Baalzebub 39247: killed by an iron golem Vanquished creatures: Baalzebub Vlad the Impaler Medusa an iron golem a storm giant a balrog 3 purple worms a silver dragon 2 red dragons a white dragon an orange dragon 2 black dragons 2 blue dragons a green dragon 2 yellow dragons 5 minotaurs Ixoth 2 baluchitheria 2 demiliches a stone golem 2 master mind flayers an Olog-hai a pit fiend 3 sandestins a displacer beast a titanothere a trapper a baby red dragon a baby white dragon a disenchanter 13 vampire leaders 3 liches a water troll a clay golem 3 nurses 4 ice devils 2 lurkers above an Aleax 8 black puddings 11 vampires 3 lieutenants 26 ghosts a queen bee a mind flayer 4 giant mimics a long worm 4 zruties a fire giant 4 ogre tyrants 3 rock trolls an umber hulk 3 flesh golems 3 elven monarchs 11 hezrous 3 bone devils 2 large mimics a fire vortex 9 stalkers 2 air elementals 2 fire elementals 3 earth elementals 3 water elementals 2 hill giants 2 giant mummies a black naga 2 xorns 15 giant zombies 14 elf-nobles 9 sergeants 2 water demons 2 barbed devils 9 vrocks a salamander 12 wargs 2 winter wolves 8 hell hound pups 13 small mimics 2 glass piercers 2 warhorses 2 steam vortices 5 xans 5 ettin mummies 6 ogre leaders 7 quantum mechanics 5 trolls 2 erinyes 3 mariliths 4 sharks 4 gelatinous cubes 2 pyrolisks 2 large dogs 3 freezing spheres 6 flaming spheres 3 shocking spheres 4 large cats 3 tigers 5 gargoyles a dwarf ruler 4 tengu 21 ochre jellies 4 leocrottas 4 energy vortices a mountain centaur 2 stone giants 3 elf mummies a human mummy 6 red nagas 2 pythons 2 pit vipers 2 cobras 34 wraiths 2 carnivorous apes 12 ettin zombies 3 leather golems 4 Grey-elves 42 soldiers 2 watchmen 6 amorous demons a horned devil 6 chameleons 3 crocodiles 3 giant beetles a quivering blob 12 cockatrices 16 winter wolf cubs a lynx 2 gremlins 17 leprechauns 6 orc-captains 4 iron piercers a mumak 8 giant spiders 4 scorpions 3 horses 6 ice vortices 6 black lights 8 vampire bats 2 forest centaurs 5 gnome rulers 5 orc mummies 3 dwarf mummies 2 ogres 4 brown puddings 6 rust monsters 7 owlbears 5 yetis a gold golem 3 werewolves 9 Green-elves 2 giant eels 9 lizards 3 chickatrices 5 dingoes a dog 4 housecats 5 jaguars a dwarf leader 6 blue jellies a gray unicorn 2 black unicorns 6 dust vortices 5 ravens 4 plains centaurs 3 gnome mummies 10 snakes 2 water moccasins 2 apes 8 human zombies a rope golem 8 Woodland-elves 4 soldier ants 5 bugbears an imp 5 lemures 82 quasits 4 wood nymphs 5 water nymphs 6 mountain nymphs 10 Mordor orcs 8 Uruk-hai 10 rock piercers 6 rock moles 2 ponies 18 fog clouds 7 yellow lights 4 shriekers 2 violet fungi 22 gnome leaders 8 gnomish wizards a kobold mummy a golden naga hatchling 3 gray oozes a barrow wight 10 elf zombies 10 ghouls 3 straw golems 2 paper golems 16 giant ants 7 floating eyes 3 kittens 12 dwarves 3 homunculi a kobold leader 2 kobold shamans 23 hill orcs 7 rothes a rabid rat 4 centipedes 2 giant bats 2 monkeys 17 orc zombies 9 dwarf zombies a wererat 4 werejackals 16 iguanas 34 killer bees 3 acid blobs 2 coyotes 4 gas spores 7 hobbits a manes 4 large kobolds 10 hobgoblins 13 giant rats 4 cave spiders a brown mold 2 yellow molds 2 green molds 3 red molds 69 gnomes 23 garter snakes 10 gnome zombies 15 geckos 12 jackals a fox 3 kobolds 7 goblins 3 sewer rats 11 grid bugs 3 bats 11 lichens 11 kobold zombies 11 newts 1408 creatures vanquished. No species were genocided or became extinct. Voluntary challenges: You read items or engraved 52 times. You never engraved Elbereth. You never genocided any monsters. You never polymorphed an object. You never changed form. You used 4 wishes. You did not wish for any artifacts. You did not violate any of the special Sokoban rules. Achievements: You entered a shop. You attained the rank of Esquire. You entered the Gnomish Mines. You attained the rank of Bachelor. You entered Minetown. You entered a temple. You entered Sokoban. You attained the rank of Sergeant. You completed Sokoban. You completed the Gnomish Mines. You defeated Medusa. You learned the tune to open and close the Castle's drawbridge. You attained the rank of Knight. You had the Bell of Opening. You entered Gehennom. You had the Candelabrum of Invocation. The Dungeons of Doom: levels 1 to 27 Level 1: Level 2: Stairs down to The Gnomish Mines. Level 3: Level 4: An altar to Lugh. Level 5: Level 6: "lep hall" Level 7: A sink. Final resting place for ratinthecat-Tou-Hum-Mal-Neu, killed by a rabid rat. Level 8: Level 9: Oracle of Delphi. Level 10: "stash" A sink. Stairs up to Sokoban, level 9. Level 11: Level 12: Some fountains. Level 13: Level 14: A temple and an altar, a fountain. Level 15: A primitive area. Level 16: Portal to The Quest. Level 17: A fountain. Level 18: A grave. Level 19: A temple and an altar, a fountain. Level 20: Level 21: A fountain. Level 22: A temple and an altar, a fountain, a sink. Level 23: Level 24: Level 25: Level 26: A fountain. Level 27: A fountain. The castle (play notes "BFGCE" to open or close drawbridge). Connection to Gehennom. Gehennom: levels 28 to 40 Level 28: A temple and an altar, many graves. Valley of the Dead. Level 29: Level 30: Level 31: Level 36: <- You were here. Final resting place for you, killed by an iron golem. Level 37: Level 38: Level 39: Stairs up to Vlad's Tower, level 38. Level 40: The Gnomish Mines: levels 3 to 10 Level 3: Level 4: Level 5: A temple and an altar, some fountains, some trees. Level 6: Level 7: Level 8: Level 9: Level 10: The Quest: levels 1 to 5 Level 1: Completed quest for King Arthur. Level 2: Level 3: A temple and an altar. Level 4: Level 5: Sokoban: levels 9 up to 6 Level 6: Solved. Level 7: Solved. Level 8: Solved. Level 9: Solved. Vlad's Tower: levels 38 up to 36 Level 36: Level 37: Level 38: Game over: ---------- / \ / REST \ / IN \ / PEACE \ / \ | elenmirie | | 5404 Au | | killed by an | | iron golem | | | | | | 2024 | *| * * * | * _________)/\\_//(\/(/\)/\//\/|_)_______ Fare thee well elenmirie the Knight... You died in Gehennom on dungeon level 36 with 517332 points, and 5404 pieces of gold, after 39247 moves. You were level 16 with a maximum of 157 hit points when you died.